 Dungeon Crawl Stone Soup version 0.16.3-4-gc506b73efe (webtiles) character file.

4918 faibistes the Thaumaturge (level 10, -3/50 HPs)
             Began as a Deep Elf Wizard on Jan 23, 2024.
             Was a Priest of Sif Muna.
             Slain by a baby alligator (shapeshifter) (17 damage)
             ... on level 9 of the Dungeon.
             The game lasted 00:28:40 (12185 turns).

faibistes the Thaumaturge (Deep Elf Wizard)        Turns: 12185, Time: 00:28:40

Health: -3/50      AC:  9    Str:  4    XL:     10   Next: 27%
Magic:  2/32       EV: 15    Int: 27    God:    Sif Muna [***...]
Gold:   409        SH:  0    Dex: 13    Spells: 7 memorised, 14 levels left

rFire  . . .     SeeInvis .     w - +4 short sword (venom)
rCold  . . .     Clarity  +     a - +0 robe
rNeg   . . .     SustAb   .     (no shield)
rPois  .         Gourm    .     j - +2 helmet
rElec  .         Spirit   .     z - +2 cloak
rCorr  .         Warding  .     (no gloves)
rMut   .         Stasis   .     u - +0 pair of boots
MR     +....                    y - amulet of clarity
Stlth  ++........               (no ring)
                                (no ring)

@: about to teleport, repel missiles, somewhat resistant to hostile
enchantments, unstealthy
A: no striking features
a: Channel Energy, Forget Spell, Renounce Religion


You were on level 9 of the Dungeon.
You worshipped Sif Muna.
Sif Muna was most pleased with you.
You were very hungry.

You visited 2 branches of the dungeon, and saw 11 of its levels.
You also visited: Sewer.

You collected 409 gold pieces.

Inventory:

Hand weapons
 i - a +1 dagger of venom
 k - a +0 dagger
 w - a +4 short sword of venom (weapon)
Armour
 a - a +0 robe (worn)
 j - a +2 helmet (worn)
 u - a +0 pair of boots (worn)
 z - a +2 cloak (worn)
Magical staves
 x - an uncursed staff of poison
Jewellery
 y - an amulet of clarity (around neck)
Magical devices
 f - a wand of paralysis (11)
 o - a wand of fire (7)
 A - a wand of polymorph (8)
 E - a wand of fire (6)
Scrolls
 m - 4 scrolls of recharging
 q - 2 scrolls of noise
 t - 8 scrolls of remove curse
 B - 2 scrolls of magic mapping
 C - 3 scrolls of identify
 G - 2 scrolls of teleportation
Potions
 b - a potion of berserk rage
 e - 9 potions of curing
 h - a potion of resistance
 n - a potion of restore abilities
 p - 3 potions of agility
 r - 2 potions of might
 s - 4 potions of flight
 v - a potion of heal wounds
Books
 c - a book of Minor Magic

   Spells                             Type                      Level
   a - Magic Dart                     Conjuration                  1
   b - Blink                          Translocation                2
   c - Call Imp                       Summoning                    2
   d - Repel Missiles                 Charms/Air                   2
   e - Slow                           Hexes                        2
   f - Conjure Flame                  Conjuration/Fire             3
   g - Mephitic Cloud                 Conjuration/Poison/Air       3
 I - a book of Maledictions

   Spells                             Type                      Level
   a - Corona                         Hexes                        1
   b - Sure Blade                     Hexes/Charms                 2
   c - Ensorcelled Hibernation        Hexes/Ice                    2
   d - Confuse                        Hexes                        3
   e - Dazzling Spray                 Conjuration/Hexes            3
   f - Enslavement                    Hexes                        4
Comestibles
 d - 8 bread rations
 g - 6 meat rations
 l - 5 beef jerkies
 D - a royal jelly
 F - 6 slices of pizza
 H - 2 chunks of flesh


   Skills:
 + Level 6.9 Dodging
 - Level 2.4 Stealth
 * Level 10.8 Spellcasting
 + Level 7.6 Conjurations
 * Level 3.0 Hexes
 - Level 1.1 Summonings
 - Level 2.6 Translocations
 * Level 4.5 Fire Magic
 - Level 4.6 Air Magic
 - Level 3.2 Poison Magic
 * Level 4.7 Invocations
 + Level 3.4 Evocations


You had 14 spell levels left.
You knew the following spells:

 Your Spells              Type           Power        Failure   Level  Hunger
a - Magic Dart            Conj           ####         1%          1    None
b - Conjure Flame         Conj/Fire      #####...     1%          3    None
c - Call Imp              Summ           ###.....     4%          2    None
d - Blink                 Tloc           N/A          1%          2    None
e - Mephitic Cloud        Conj/Pois/Air  #####...     1%          3    None
f - Repel Missiles        Chrm/Air       ####..       1%          2    None
z - Dazzling Spray        Conj/Hex       #####...     1%          3    None


Dungeon Overview and Level Annotations

Branches:
Dungeon (10/15)            Temple (1/1) D:5
   Lair: D:8-11         Orc: D:9-12

Altars:
Ashenzari
Cheibriados
Dithmenos
Elyvilon
Fedhas
Gozag
Kikubaaqudgha
Makhleb
Nemelex Xobeh
Okawaru
Qazlal
Ru
Sif Muna
Trog
Vehumet
Xom
Yredelemnul
Zin
The Shining One

Shops:
D:7 }


Message History

Confirm with . or Enter, or press ? or * to list all spells.
You blink.
Casting: Blink
Confirm with . or Enter, or press ? or * to list all spells.
Aiming: Mephitic Cloud
Press: ? - help, Shift-Dir - straight line, f - baby alligator
Aim: a baby alligator shaped shifter (lightly wounded)
The ball explodes into a vile cloud!
The stinking cloud engulfs the baby alligator.
The baby alligator is lightly wounded.
The baby alligator is engulfed in noxious fumes.
Unknown command.
The baby alligator is engulfed in noxious fumes.
Casting: Mephitic Cloud
Confirm with . or Enter, or press ? or * to list all spells.
Okay, then.
Read which item? (? for menu, Esc to quit)
As you read the scroll of teleportation, it crumbles to dust.
You feel strangely unstable. The baby alligator bites you!
You die...

.............##...
..............##... #..
....}.........##... #....
..............##... #.....
...............##... '....
........<......##...
#.....############....##...
#.........)......#...#####+
#.##...# #@......#...#.....
#######.##...# #t..##..#...#.....
#.....))##...# #...# #...#.....
#..##..)##...###...# #...#.....
#. #...........§§§# #...'.....
#..##†.>.........§§##..#...#.....
#.....§(.........§.....#...#.....
#######................#...#.####
####'#################.....


You could see a baby alligator shaped shifter.

Vanquished Creatures
  The ghost of Valeaz the Fighter, an experienced MiFi of Okawaru (D:9)
  The ghost of faibistes the Thaumaturge, an experienced DEWz of Sif Muna (D:8)
  A hog (D:7)
  A human (D:7)
  A deep elf mage (D:8)
  A sky beast (D:9)
  2 ice beasts
  5 phantoms
  4 ogres
  2 centaurs
  3 giant frogs
  A big kobold (D:8)
  4 scorpions
  A water moccasin skeleton (D:8)
  A centaur zombie (D:7)
  5 crimson imps
  A goliath beetle (D:9)
  2 jellies
  2 quasits
  5 orc wizards
  3 orc priests
  A giant frog skeleton (D:8)
  5 hounds
  5 iguanas
  3 worker ants
  Natasha (twice) (D:4)
  3 sheep (D:7)
  Ijyb (D:4)
  2 hound zombies
  2 hound skeletons
  8 gnolls
  9 adders
  2 shadow imps
  2 giant mites
  6 river rats
  A worm (D:4)
  An adder skeleton (D:4)
  An adder zombie (D:6)
  An ooze (D:3)
  38 orcs
  4 ball pythons (Sewer)
  12 bats
  A bat zombie (D:6)
  3 giant cockroaches (D:1)
  16 goblins
  16 hobgoblins
  13 jackals
  6 giant geckos
  13 giant newts
  37 kobolds
  2 quokkas
  A quokka skeleton (D:4)
  A quokka zombie (D:7)
  31 rats
296 creatures vanquished.

Vanquished Creatures (collateral kills)
  A worker ant (D:4)
  A river rat (Sewer)
  An adder (Sewer)
  3 orcs (D:4)
  2 ball pythons (Sewer)
  A jackal skeleton (D:4)
  2 kobolds (D:4)
  4 rats
15 creatures vanquished.

Vanquished Creatures (others)
  An iguana (D:8)
  A goblin (D:5)
2 creatures vanquished.

Grand Total: 313 creatures vanquished

Notes
Turn   | Place    | Note
--------------------------------------------------------------
     0 | D:1      | faibistes, the Deep Elf Wizard, began the quest for the Orb.
     0 | D:1      | Reached XP level 1. HP: 10/10 MP: 6/6
   344 | D:1      | Reached XP level 2. HP: 15/15 MP: 4/9
   430 | D:1      | Learned a level 2 spell: Blink
   433 | D:1      | Learned a level 2 spell: Call Imp
  1075 | D:2      | Reached skill level 5 in Spellcasting
  1092 | D:2      | Reached XP level 3. HP: 17/19 MP: 8/14
  1097 | D:2      | Learned a level 3 spell: Conjure Flame
  1101 | D:2      | Learned a level 3 spell: Mephitic Cloud
  1704 | D:2      | Noticed an ogre
  1711 | D:2      | Killed an ogre
  1711 | D:2      | Reached XP level 4. HP: 24/24 MP: 2/18
  1937 | D:2      | Learned a level 2 spell: Repel Missiles
  2105 | D:3      | Reached skill level 6 in Spellcasting
  2105 | D:3      | Reached XP level 5. HP: 28/28 MP: 17/20
  2517 | D:3      | Found a shimmering altar of Xom.
  2704 | D:3      | Reached XP level 6. HP: 22/32 MP: 12/22
  3049 | D:3      | Found an opulent altar of Gozag.
  3394 | D:4      | Reached skill level 7 in Spellcasting
  3647 | D:5      | Entered Level 5 of the Dungeon
  3708 | D:5      | Found a glowing drain.
  3717 | Sewer    | Entered a sewer
  4377 | Sewer    | Reached XP level 7. HP: 36/36 MP: 20/25
  4845 | D:4      | Noticed Ijyb
  4863 | D:4      | Killed Ijyb
  4863 | D:4      | Reached skill level 1 in Air Magic
  4883 | D:4      | Reached skill level 1 in Poison Magic
  5243 | D:4      | Noticed a phantom
  5255 | D:4      | Killed a phantom
  5255 | D:4      | Reached skill level 5 in Conjurations
  5521 | D:4      | Noticed Natasha
  5526 | D:4      | Killed Natasha
  5777 | D:4      | Reached skill level 8 in Spellcasting
  5896 | D:4      | Noticed Natasha
  5899 | D:4      | Killed Natasha
  5939 | D:4      | Noticed an ogre
  5947 | D:4      | Killed an ogre
  5947 | D:4      | Reached skill level 5 in Dodging
  5947 | D:4      | Reached XP level 8. HP: 41/41 MP: 18/27
  6286 | D:5      | Found a sparkling altar of Nemelex Xobeh.
  6713 | D:5      | Found a staircase to the Ecumenical Temple.
  6723 | Temple   | Entered the Ecumenical Temple
  6793 | Temple   | Became a worshipper of Sif Muna the Loreminder
  7310 | D:6      | Found a burning altar of Makhleb.
  7312 | D:6      | Found a glowing silver altar of Zin.
  7312 | D:6      | Noticed an angel
  7313 | D:6      | Noticed a green death
  8198 | D:7      | Acquired Sif Muna's first power
  8198 | D:7      | Reached skill level 9 in Spellcasting
  8639 | D:7      | Reached skill level 1 in Evocations
  8639 | D:7      | Reached XP level 9. HP: 45/45 MP: 22/29
  8914 | D:7      | Reached skill level 1 in Fire Magic
  8914 | D:7      | Reached skill level 1 in Invocations
  8983 | D:7      | Found a shimmering altar of Xom.
  9027 | D:7      | Found Jicionwirr's Gadget Shop.
  9094 | D:8      | Noticed faibistes' ghost (experienced DEWz)
  9102 | D:8      | Killed faibistes' ghost
  9102 | D:8      | Acquired Sif Muna's second power
  9306 | D:7      | Reached skill level 10 in Spellcasting
 10106 | D:8      | Found a blossoming altar of Fedhas.
 10124 | D:9      | Noticed Valeaz's ghost (experienced MiFi)
 10461 | D:8      | Learned a level 3 spell: Dazzling Spray
 11187 | D:9      | Found a sacrificial altar of Ru.
 11299 | D:10     | Entered Level 10 of the Dungeon
 11313 | D:9      | Reached skill level 1 in Hexes
 11622 | D:9      | Killed Valeaz's ghost
 11622 | D:9      | Reached XP level 10. HP: 37/50 MP: 6/31
 12142 | D:9      | Noticed a guardian serpent
 12149 | D:9      | a guardian serpent changed into an elf
 12185 | D:9      | Slain by a baby alligator (shapeshifter)

Action                   |  1- 3 |  4- 6 |  7- 9 | 10-12 || total
-------------------------+-------+-------+-------+-------++-------
Melee: Unarmed           |    10 |       |       |       ||    10
       Short sword       |       |    26 |    75 |    17 ||   118
 Cast: Magic Dart        |   100 |   158 |   478 |    45 ||   781
       Conjure Flame     |     2 |     1 |    29 |     4 ||    36
       Mephitic Cloud    |     1 |    11 |    26 |     7 ||    45
       Repel Missiles    |       |     2 |     4 |       ||     6
       Call Imp          |       |     5 |       |       ||     5
       Blink             |       |     4 |       |     3 ||     7
       Dazzling Spray    |       |       |       |    14 ||    14
Invok: Channel Energy    |       |       |       |    12 ||    12
  Use: Scroll            |       |     7 |    15 |     2 ||    24
       Potion            |       |       |     3 |       ||     3
 Stab: Confused          |       |       |     3 |     1 ||     4
       Sleeping          |       |       |     4 |       ||     4
  Eat: Chunk             |     2 |     8 |    21 |     2 ||    33
       Pizza             |       |       |     1 |       ||     1
